 Dungeon Crawl Stone Soup version 0.31.0-11-ge490571c62 (webtiles) character file.

Game seed: 12410746030100725546

160 Arctor the Magician (level 5, -2/28 HPs)
             Began as a Deep Elf Earth Elementalist on Jan 31, 2024.
             Shot with an arrow by a centaur (14 damage)
             ... on level 4 of the Dungeon.
             The game lasted 00:04:57 (3262 turns).

Arctor the Magician (Deep Elf Earth Elementalist)   Turns: 3262, Time: 00:04:58

Health: -2/28      AC:  5    Str:  5    XL:     5   Next: 17%
Magic:  9/13       EV: 13    Int: 22    God:
Gold:   119        SH:  0    Dex: 15    Spells: 4/12 levels left

rFire   . . .        l - +1 dagger
rCold   . . .        (no shield)
rNeg    . . .        s - +1 robe "Xidifam" {rCorr Slay+2 Stlth-}
rPois   .            (no helmet)
rElec   .            t - +1 cloak {Will+}
rCorr   +            (no gloves)
SInv    .            (no boots)
Will    +....        i - amulet of regeneration
Stlth   ++           (no ring)
HPRegen 1.04/turn    (no ring)
MPRegen 0.13/turn

%: no passive effects
@: no status effects
A: no striking features
a: no special abilities


You were on level 4 of the Dungeon.
You visited 1 branch of the dungeon, and saw 4 of its levels.

You collected 119 gold pieces.

Inventory:

Hand Weapons
 l - a +1 dagger (weapon)
Missiles
 j - a throwing net
 m - 7 poisoned darts
 u - 6 curare-tipped darts
Armour
 a - a +0 robe
 s - the +1 robe "Xidifam" (worn) {rCorr Slay+2 Stlth-}
   (You found it on level 3 of the Dungeon)

   Slay+2:    It affects your accuracy & damage with ranged weapons and melee
   (+2).
   rCorr:     It protects you from acid and corrosion.
   Stlth-:    It makes you less stealthy.
 t - a +1 cloak of willpower (worn)
Jewellery
 i - an amulet of regeneration (around neck)
Scrolls
 d - a scroll of noise
 e - a scroll of enchant armour {unknown}
 f - a scroll of blinking
 n - 2 scrolls of amnesia
 o - a scroll of teleportation {unknown}
 p - a scroll of enchant weapon
 q - a scroll of immolation {unknown}
 r - a scroll of poison {unknown}
Potions
 b - 2 potions of magic
 c - 2 potions of invisibility {unknown}
 g - 3 potions of heal wounds {unknown}
 h - 3 potions of curing {unknown}
 k - a potion of ambrosia {unknown}


   Skills:
 + Level 0.0 Short Blades
 + Level 3.5 Dodging
 + Level 3.7 Stealth
 + Level 4.2 Spellcasting
 + Level 2.6 Conjurations
 + Level 4.1 Earth Magic


You had 4 spell levels left.
You knew the following spells:

 Your Spells              Type           Power      Damage    Failure   Level
a - Sandblast             Erth           44%        2d11      1%          1
b - Stone Arrow           Conj/Erth      38%        3d9       9%          3
c - Brom's Barrelling Bo  Conj/Erth      19%        2d4       26%         4

Your spell library contained the following spells:

 Spells                   Type           Power      Damage    Failure   Level
 Passwall                 Erth           22%        N/A       6%          3
 Slow                     Hex            16%        N/A       11%         1
 Confusing Touch          Hex            4%         N/A       32%         3
 Fugue of the Fallen      Necr           4%         N/A       32%         3
 Ozocubu's Armour         Ice            4%         N/A       32%         3
 Sigil of Binding         Hex            4%         N/A       32%         3
 Vampiric Draining        Necr           4%         2d6       32%         3
 Petrify                  Alch/Erth      13%        N/A       43%         4
 Manifold Assault         Tloc           4%         N/A       73%         4


Dungeon Overview and Level Annotations

Branches:
Dungeon (4/15)
 Temple: D:4-7

Altars:
Kikubaaqudgha
Yredelemnul

Shops:
D:1 (


Message History

You kill the hobgoblin!
A giant cockroach comes into view.
You can't see any susceptible monsters within range! (Use Z to cast anyway.)
You can't see any susceptible monsters within range! (Use Z to cast anyway.)
A giant cockroach is nearby!
You can't see any susceptible monsters within range! (Use Z to cast anyway.)
You can't see any susceptible monsters within range! (Use Z to cast anyway.)
You can't see any susceptible monsters within range! (Use Z to cast anyway.)
The blast of sand hits the giant cockroach!
You kill the giant cockroach!
You can't see any susceptible monsters within range! (Use Z to cast anyway.)
You can't see any susceptible monsters within range! (Use Z to cast anyway.)
You can't see any susceptible monsters within range! (Use Z to cast anyway.)
g - 3 silvery potions (gained 1)
You see here a giant cockroach corpse.
An orc priest comes into view. It is wielding a +0 dagger.
An orc priest is nearby!
A kobold comes into view. It is wielding a +0 club.
The orc priest shouts!
The kobold shouts!
You hear a shout!
There are monsters nearby!
A centaur comes into view.
There are monsters nearby!
The orc priest hits you with a +0 dagger.
The blast of sand hits the orc priest.
The orc priest is moderately wounded.
The centaur shouts!
The centaur wields a +0 orcbow.
The centaur shoots an arrow.
The arrow hits you.
The centaur shoots an arrow.
The arrow hits you! The orc priest closely misses you.
The kobold throws a stone.
The stone hits you.
Casting: Sandblast (safe; 1% risk of failure)
Confirm with . or Enter, or press ? or * to list all spells.
Aiming: Stone Arrow (quite dangerous; 9% risk of failure)
Press: ? - help, Shift-Dir - straight line, f/p - orc priest
Aim: an orc priest, wielding a +0 dagger and wearing a +0 ring mail (moderately wounded, 72% to hit)
The stone arrow hits the orc priest!
The orc priest is almost dead.
The centaur shoots an arrow.
The arrow hits you!
Ouch! That really hurt!
You die...

#. #. #. ####### #.
....... #. ....... #.
.......######### #.
..c...o........# ##
.......@.......#
....K..........#########
........................
........................
.......###.####.........
.......###..###.........
........................
.......####.###.........
####### #.....#.........


You could see a centaur, an orc priest and a kobold.

Vanquished Creatures
  An orc priest (D:4)
  Crazy Yiuf (D:3)
  An orc wizard (D:4)
  An adder (D:3)
  3 dart slugs (D:2)
  4 orcs
  4 ball pythons
  5 bats
  2 giant cockroaches
  3 goblins
  7 hobgoblins
  4 jackals
  6 kobolds
  5 quokkas
  2 frilled lizards
  10 rats
59 creatures vanquished.

Notes
Turn   | Place    | Note
-------+----------+-------------------------------------------
     0 | D:1      | Arctor the Deep Elf Earth Elementalist began the quest for
                  | the Orb.
     0 | D:1      | Reached XP level 1. HP: 10/10 MP: 6/6
   155 | D:1      | Found Sonublic's Antique Weapon Emporium.
   693 | D:1      | Reached XP level 2. HP: 15/15 MP: 6/8
  1268 | D:2      | Found a faded altar of an unknown god.
  1460 | D:2      | Reached XP level 3. HP: 19/19 MP: 7/9
  1471 | D:2      | Learned a level 3 spell: Stone Arrow
  1937 | D:3      | Found a basalt altar of Yredelemnul.
  1999 | D:3      | Found an ancient bone altar of Kikubaaqudgha.
  2312 | D:3      | Found a runed translucent door.
  2313 | D:3      | Noticed Crazy Yiuf
  2341 | D:3      | Identified the +1 robe "Xidifam" {rCorr Slay+2 Stlth-}
  2816 | D:3      | Killed Crazy Yiuf
  2817 | D:3      | Reached XP level 4. HP: 13/24 MP: 4/11
  3125 | D:4      | Reached XP level 5. HP: 28/28 MP: 9/13
  3177 | D:4      | Learned a level 4 spell: Brom's Barrelling Boulder
  3259 | D:4      | Noticed a centaur
  3262 | D:4      | Shot with an arrow by a centaur

Illustrated notes

Levels and vault maps discovered:
D:1:      orjb1_clovarrival, layout_basic, serial_shops,
          nicolae_shop_overgrown_old_shop, minmay_3d_cube
D:2:      layout_basic, ebering_ecumenical_altar_sacrificial,
          minmay_misc_feat_rugged
D:3:      layout_loops_ring, mainiacjoe_overflow_paths,
          kiku_gazebo_garden_becter, kennysheep_minor_cross,
          uniq_crazy_yiuf_cottage
D:4:      layout_basic, temple_doors_ab

Skill      XL: |  1  2  3  4 |
---------------+-------------+-----
Stealth        | 3 |  3.7
Dodging        | 3 |  3.5
Conjurations   | 2 |  2.6
Spellcasting   | 4 |  4.2
Earth Magic    | 4 |  4.1

Action                     |  1- 3 |  4- 6 || total
---------------------------+-------+-------++-------
  Melee: Unarmed           |    10 |       ||    10
         Dagger            |    25 |    11 ||    36
         Punch             |       |     1 ||     1
   Cast: Sandblast         |    48 |    15 ||    63
         Stone Arrow       |     2 |     1 ||     3
    Use: Scroll            |     1 |     3 ||     4
   Stab: Sleeping          |     3 |       ||     3
 Armour: Robe              |    23 |     9 ||    32
  Dodge: Dodged            |    46 |    17 ||    63
